 Dungeon Crawl Stone Soup version 0.20-b1 (webtiles) character file.

1555 MTVSty1e the Skirmisher (level 8, -12/67 HPs)
             Began as a Demonspawn Gladiator on May 18, 2017.
             Was an Initiate of Makhleb.
             Mangled by an orc warrior
             ... wielding a +0 war axe
              (17 damage)
             ... on level 6 of the Dungeon.
             The game lasted 00:19:02 (4078 turns).

MTVSty1e the Skirmisher (Demonspawn Gladiator)      Turns: 4078, Time: 00:19:03

Health: -12/67     AC: 15    Str: 17    XL:     8   Next: 58%
Magic:  0/8        EV:  7    Int: 10    God:    Makhleb [......]
Gold:   134        SH:  0    Dex: 14    Spells: 7/7 levels left

rFire    + . .     SeeInvis .   g - +2 hand axe (freeze)
rCold    . . .     Gourm    +   (no shield)
rNeg     + . .     Faith    .   u - +0 plate armour
rPois    .         Spirit   +   (helmet restricted)
rElec    .         Reflect  .   (no cloak)
rCorr    .         Harm     .   j - +1 pair of gloves
MR       .....                  (no boots)
Stlth    ..........             m - amulet of the gourmand
Regen    0.3/turn               v - ring of protection from fire
MPRegen  0.2/turn               x - ring of positive energy

@: no status effects
A: antennae 1, hooves 1, yellow scales 1, sense surroundings 1, evolution 1,
magic shield, rot immunity
a: Renounce Religion


You were on level 6 of the Dungeon.
You worshipped Makhleb.
Makhleb was noncommittal.
You were not hungry.

You visited 2 branches of the dungeon, and saw 7 of its levels.

You collected 216 gold pieces.
You spent 82 gold pieces at shops.

Inventory:

Hand Weapons
 a - a +0 quarterstaff
 b - a +4 club
 g - a +2 hand axe of freezing (weapon)
 o - the +4 Vampire's Tooth {vamp}
   (You found it on level 5 of the Dungeon)

   It inflicts no extra harm, but heals its wielder when it wounds a living foe.
Missiles
 d - 3 throwing nets (quivered)
Armour
 j - a +1 pair of gloves (worn)
 u - a +0 plate armour (worn)
Jewellery
 m - an amulet of the gourmand (around neck)
 v - a ring of protection from fire (left hand)
 w - an uncursed amulet of faith
 x - a ring of positive energy (right hand)
Scrolls
 c - 2 scrolls of enchant weapon
 p - a scroll of noise {unknown}
 q - 2 scrolls of identify
 r - 3 scrolls of remove curse
 s - a scroll of fear
 t - 2 scrolls of teleportation
Potions
 h - 3 potions of lignification
 i - a potion of resistance {unknown}
 k - 2 potions of haste {unknown}
 l - 2 potions of flight
 n - 4 potions of curing
Comestibles
 f - 4 bread rations


   Skills:
 * Level 7.4 Fighting
 + Level 4.1 Axes
 - Level 2.7 Staves
 - Level 1.7 Throwing
 + Level 3.8 Armour
 + Level 5.0 Dodging


You had 7 spell levels left.
You didn't know any spells.

Dungeon Overview and Level Annotations

Branches:
Dungeon (6/15)             Temple (1/1) D:6

Altars:
Cheibriados
Dithmenos
Elyvilon
Fedhas
Gozag
Kikubaaqudgha
Makhleb
Nemelex Xobeh
Qazlal
Ru
Sif Muna
Trog
Uskayaw
Vehumet
Xom
Yredelemnul
Zin

Shops:
D:4 ?

Annotations:
D:4 MTVSty1e's ghost, amateur DsGl


Innate Abilities, Weirdness & Mutations

You are partially covered in yellow scales. (AC +2)
When hurt, damage is shared between your health and your magic reserves.
You are immune to rotting.
You have a pair of small antennae on your head.
You have large cloven feet.
You passively map a small area around you.
You evolve.


Message History

The orc warrior closely misses you.
You hit the orc warrior. You freeze the orc warrior.
You kick the orc warrior, but do no damage.
The orc warrior is heavily wounded.
You hit the orc priest. You freeze the orc priest.
You kill the orc priest!
Makhleb accepts your kill.
You barely miss the orc priest.
The orc priest begins to cast a cantrip, but forgets the words!
The orc warrior hits you with a war axe!
* * * LOW HITPOINT WARNING * * *
You hit the orc warrior. You freeze the orc warrior.
The orc warrior is heavily wounded.
You completely miss the orc priest.
The orc priest hits you but does no damage.
You slash the orc warrior! You freeze the orc warrior.
The orc warrior is almost dead.
You hit the orc priest but do no damage.
The orc warrior hits you with a war axe!!
You die...

##...## , #### #.....,
,#... #..... , +...
....., #...
#...#############...
#...##...>##...##... ,
*#.[o##.....#........ ,
,
...##.o@##.....#........
........#......#........
#####...'......#........
* *#...#...)..#........
#...####..##...##... ,
*#...####..##...##+## ,
#................'...
,##...............#... *
** ,
#...............#...


You could see an orc warrior and an orc priest.

Vanquished Creatures
  The ghost of George the Slasher, a novice MiFi of Makhleb (D:5)
  A hippogriff (D:3)
  Eustachio (D:4)
  2 ogres
  A bullfrog (D:5)
  2 vampire bats (D:5)
  2 centaur skeletons
  4 orc priests
  A jelly (D:5)
  Jessica (D:2)
  2 worker ants (D:5)
  4 orc wizards
  A killer bee zombie (D:5)
  Robin (D:4)
  6 adders
  3 shadow imps (D:5)
  3 worms
  2 leopard geckos
  15 orcs
  A ball python (D:1)
  3 giant cockroaches
  14 goblins
  17 hobgoblins
  4 jackals (D:2)
  3 quokkas
  9 bats
  5 frilled lizards
  10 kobolds
  A quokka zombie (D:5)
  3 rats
123 creatures vanquished.

Notes
Turn   | Place    | Note
-------+----------+-------------------------------------------
     0 | D:1      | MTVSty1e the Demonspawn Gladiator began the quest for the Orb.
     0 | D:1      | Reached XP level 1. HP: 16/16 MP: 1/1
   145 | D:1      | Gained mutation: You are partially covered in yellow scales. (AC +2) [demonic ancestry]
   145 | D:1      | Reached XP level 2. HP: 22/22 MP: 2/2
   581 | D:2      | Found a stormy altar of Qazlal.
   605 | D:2      | Noticed Jessica
   612 | D:2      | Killed Jessica
   612 | D:2      | Gained mutation: You are immune to rotting. [demonic ancestry]
   612 | D:2      | Reached XP level 3. HP: 21/28 MP: 3/3
   612 | D:2      | Reached skill level 3 in Fighting
   985 | D:2      | Gained mutation: When hurt, damage is shared between your health and your magic reserves. [demonic ancestry]
   985 | D:2      | Reached XP level 4. HP: 35/35 MP: 4/4
  1029 | D:2      | Reached skill level 1 in Axes
  1324 | D:3      | Noticed a hippogriff
  1339 | D:3      | HP: 2/52 [hippogriff (1)]
  1342 | D:3      | Killed a hippogriff
  1342 | D:3      | Reached skill level 4 in Fighting
  1342 | D:3      | Reached skill level 1 in Armour
  1342 | D:3      | Reached XP level 5. HP: 2/42 MP: 1/5
  1791 | D:3      | Found a sacrificial altar of Ru.
  1885 | D:3      | Reached XP level 6. HP: 40/49 MP: 6/6
  2591 | D:4      | Noticed Robin
  2610 | D:4      | Killed Robin
  2727 | D:4      | Found Meydead's Magic Scroll Boutique.
  2731 | D:4      | Bought a scroll of enchant weapon for 82 gold pieces
  2733 | D:4      | Noticed Eustachio
  2788 | D:4      | Killed Eustachio
  2788 | D:4      | Reached skill level 5 in Fighting
  2788 | D:4      | Reached XP level 7. HP: 15/56 MP: 5/7
  3011 | D:4      | Gained mutation: Your flesh is cold resistant. (rC+) [potion of mutation]
  3011 | D:4      | Gained mutation: You possess an exceptional clarity of mind. [potion of mutation]
  3011 | D:4      | Gained mutation: Your flesh is very cold resistant. (rC++) [potion of mutation]
  3012 | D:4      | Lost mutation: Your flesh is very cold resistant. (rC++) [potion of mutation]
  3012 | D:4      | Lost mutation: You possess an exceptional clarity of mind. [potion of mutation]
  3012 | D:4      | Lost mutation: Your flesh is cold resistant. (rC+) [potion of mutation]
  3012 | D:4      | Gained mutation: You possess an exceptional clarity of mind. [potion of mutation]
  3012 | D:4      | Gained mutation: You are somewhat resistant to further mutation. [potion of mutation]
  3013 | D:4      | Lost mutation: You are somewhat resistant to further mutation. [potion of mutation]
  3013 | D:4      | Lost mutation: You possess an exceptional clarity of mind. [potion of mutation]
  3013 | D:4      | Gained mutation: Your spells are a little harder to cast, but a little more powerful. [potion of mutation]
  3013 | D:4      | Gained mutation: Your body sometimes deteriorates upon taking damage. [potion of mutation]
  3013 | D:4      | Gained mutation: Your spells are harder to cast, but more powerful. [potion of mutation]
  3036 | D:4      | Noticed MTVSty1e's ghost (amateur DsGl)
  3058 | D:5      | Entered Level 5 of the Dungeon
  3339 | D:5      | Noticed George's ghost (novice MiFi)
  3360 | D:5      | Killed George's ghost
  3360 | D:5      | Reached skill level 6 in Fighting
  3360 | D:5      | Reached XP level 8. HP: 57/65 MP: 8/8
  3638 | D:5      | Reached skill level 7 in Fighting
  3762 | D:5      | Found a basalt altar of Yredelemnul.
  3821 | D:5      | Reached skill level 5 in Dodging
  3863 | D:6      | Lost mutation: Your body sometimes deteriorates upon taking damage. [potion of mutation]
  3863 | D:6      | Lost mutation: Your spells are harder to cast, but more powerful. [potion of mutation]
  3863 | D:6      | Lost mutation: Your spells are a little harder to cast, but a little more powerful. [potion of mutation]
  3863 | D:6      | Gained mutation: You evolve. [potion of mutation]
  3863 | D:6      | Gained mutation: You passively map a small area around you. [potion of mutation]
  3863 | D:6      | Gained mutation: You have large cloven feet. [potion of mutation]
  3863 | D:6      | Gained mutation: You have a pair of small antennae on your head. [potion of mutation]
  3890 | D:6      | Found a staircase to the Ecumenical Temple.
  3899 | Temple   | Entered the Ecumenical Temple
  4012 | Temple   | Became a worshipper of Makhleb the Destroyer
  4078 | D:6      | Mangled by an orc warrior

Skill      XL: |  1  2  3  4  5  6  7  8 |
---------------+-------------------------+-----
Dodging        | 3 4 5 |  5.0
Fighting       | 3 4 5 6 7 |  7.4
Axes           | 2 3 4 |  4.1
Armour         | 1 2 3 |  3.8
Staves         | |  2.7
Throwing       | |  1.7

Action                   |  1- 3 |  4- 6 |  7- 9 || total
-------------------------+-------+-------+-------++-------
Melee: Hand axe          |    56 |   143 |   187 ||   386
       Quarterstaff      |     4 |       |       ||     4
       Kick              |       |       |     7 ||     7
  Use: Scroll            |     2 |     9 |     2 ||    13
       Potion            |       |     5 |     5 ||    10
  Eat: Royal jelly       |       |     1 |     1 ||     2
       Meat ration       |       |     1 |       ||     1
       Bread ration      |       |       |     1 ||     1
Armor: Leather armour    |    10 |       |       ||    10
       Ring mail         |    10 |       |       ||    10
       Scale mail        |     8 |       |       ||     8
       Plate armour      |     2 |    74 |   153 ||   229
       Skin              |       |    95 |       ||    95
Dodge: Dodged            |    38 |    38 |    68 ||   144
